 Dungeon Crawl Stone Soup version 0.26.1-11-gd32895ea62 (webtiles) character file.

Game seed: 9356534155983225336

105182 dtburroughs the Severer (level 15, -17/141 HPs)
             Began as a Minotaur Berserker on June 23, 2021.
             Was a High Priest of Trog.
             Demolished by an ettin
             ... wielding a +0 dire flail
              (23 damage)
             ... on level 12 of the Dungeon.
             The game lasted 01:26:49 (36260 turns).

dtburroughs the Severer (Minotaur Berserker)       Turns: 36260, Time: 01:26:50

Health: -17/141    AC: 25    Str: 22    XL:     15   Next: 94%
Magic:  14/14      EV: 12    Int:  8    God:    Trog [*****.]
Gold:   1771       SH:  9    Dex: 16    Spells: 14/14 levels left

rFire    + . .     SeeInvis +   M - +9 broad axe of Disharmony {venom, Stlth+}
rCold    + + .     Faith    +   u - +1 kite shield {reflect}
rNeg     . . .     Spirit   .   O - +3 plate armour {rC+}
rPois    .         Reflect  +   T - +2 hat
rElec    .         Harm     .   Z - +2 cloak {rCorr}
rCorr    +         Rampage  .   (no gloves)
Will     ++++.                  (no boots)
Stlth    ..........             t - amulet of faith
HPRegen  1.33/turn              F - ring "Fuusk" {rF+ rC+ Dex+4 SInv}
MPRegen  0.14/turn              x - ring of willpower

@: lethally poisoned (-17 -> -17), regenerating (expiring), slowed, very slow
A: retaliatory headbutt, horns 2
a: Renounce Religion, Berserk, Trog's Hand, Brothers in Arms


You were on level 12 of the Dungeon.
You worshipped Trog.
Trog was extremely pleased with you.
You visited 3 branches of the dungeon, and saw 22 of its levels.
You also visited: Sewer and Ice Cave.

You collected 1771 gold pieces.

Inventory:

Hand Weapons
 b - a +6 vampiric executioner's axe
 G - a +1 antimagic broad axe
 J - a +5 flail of freezing
 L - a +1 war axe of electrocution
 M - the +9 broad axe of Disharmony (weapon) {venom, Stlth+}
   (You took it off a human on level 13 of the Dungeon)

   It poisons the flesh of those it strikes.
   It makes you more stealthy.
Armour
 u - a +1 kite shield of reflection (worn)
 O - a +3 plate armour of cold resistance (worn)
 T - a +2 hat (worn)
 Z - a +2 cloak of preservation (worn)
Jewellery
 i - a cursed -4 ring of strength {unknown}
 q - a +6 ring of dexterity {unknown}
 t - an amulet of faith (around neck)
 x - a ring of willpower (right hand)
 F - the ring "Fuusk" (left hand) {rF+ rC+ Dex+4 SInv}
   (You acquired it on level 4 of the Lair of Beasts)

   [ring of protection from cold]

   It affects your dexterity (+4).
   It protects you from fire.
   It protects you from cold.
   It lets you see invisible.
 H - an uncursed amulet of the acrobat {unknown}
 W - an uncursed amulet of regeneration {unknown}
Wands
 k - a wand of iceblast (11)
 v - a wand of paralysis (14)
 y - a wand of random effects (34)
 I - a wand of disintegration (20)
 Q - a wand of flame (10)
 R - a wand of polymorph (15)
Scrolls
 c - 15 scrolls of teleportation
 e - 9 scrolls of remove curse
 n - 6 scrolls of fear
 o - a scroll of silence {unknown}
 p - a scroll of noise {unknown}
 z - 3 scrolls of magic mapping
 A - 2 scrolls of immolation
 B - a scroll of brand weapon {unknown}
 E - 2 scrolls of fog {unknown}
 N - 5 scrolls of blinking
 S - a scroll of holy word {unknown}
 U - a scroll of vulnerability {unknown}
 X - 2 scrolls of enchant weapon {unknown}
 Y - 6 scrolls of identify
Potions
 a - a potion of invisibility {unknown}
 d - 3 potions of ambrosia
 g - 6 potions of haste
 h - 15 potions of curing
 j - 4 potions of might
 m - 4 potions of flight
 s - 2 potions of attraction {unknown}
 w - 3 potions of cancellation
 D - a potion of mutation {unknown}
 K - 2 potions of magic {unknown}
 V - a potion of lignification {unknown}
Miscellaneous
 f - a box of beasts
 r - a phial of floods
 C - a condenser vane
 P - a lightning rod (4/4)


   Skills:
 + Level 15.6 Fighting
 + Level 15.6 Axes
 + Level 15.3 Armour
 + Level 14.3 Dodging
 + Level 11.1 Evocations


You had 14 spell levels left.
You didn't know any spells.
Your spell library was empty.

Dungeon Overview and Level Annotations

Branches:
Dungeon (15/15)            Temple (0/1) D:7            Lair (6/6) D:8
 Shoals (0/4) Lair:3        Snake (0/4) Lair:4        Slime (0/5) Lair:5
    Orc (1/2) D:12         Vaults (0/5) D:13         Depths (0/5) D:15
  Sewer (visited)           IceCv (visited)

Altars:
Ashenzari
Cheibriados
Dithmenos
Fedhas
Gozag
Hepliaklqana
Makhleb
Qazlal
Ru
Sif Muna
Vehumet
The Shining One
Jiyva

Shops:
D:7 (   D:8 [   D:10 *   D:15 [

Annotations:
Lair:2 1 runed translucent door, Kisap's ghost, journeyman MiBe
Lair:5 1 runed translucent door
Orc:1 Sonja


Innate Abilities, Weirdness & Mutations

You reflexively headbutt those who attack you in melee.
You have a pair of horns on your head.


Message History

* * * LOW HITPOINT WARNING * * *
The ettin hits you with a +0 dire flail!!
* * * LOW HITPOINT WARNING * * *
The ettin closely misses you. x2
You feel much better.
You feel sick.
The ettin hits you with a +0 dire flail!!
* * * LOW HITPOINT WARNING * * *
The ettin barely misses you.
You feel much better.
You feel sick. The ettin barely misses you.
The ettin hits you with a +0 dire flail!
* * * LOW HITPOINT WARNING * * *
The ettin hits you with a +0 dire flail!
* * * LOW HITPOINT WARNING * * *
The ettin hits you but does no damage.
You feel much better.
You feel the effects of Trog's Hand fading.
The ettin hits you with a +0 dire flail!!
* * * LOW HITPOINT WARNING * * *
The ettin hits you with a +0 dire flail!!
You die...

####.....#....###..........).....
# #.......##.##.....##..........
#......##..#.......#..........
#.<.(.###.....................
#.....# #.....................
#.....# ##...............#....
#.....# #..<........###.####.
####### ##..)).....## #......
##C@)#...## ####### ######### #


You could see an ettin (very poisoned).

Vanquished Creatures
  Gastronok (D:9)
  7 vault guards (D:13)
  Harold (D:10)
  7 hydras
  2 boulder beetles
  5 catoblepae
  5 centaur warriors
  19 death yaks
  A queen ant (D:11)
  3 two-headed ogres
  A skeletal warrior (D:14)
  A wizard (D:14)
  An orange crystal statue (D:14)
  A phantasmal warrior (D:14)
  3 harpies (D:14)
  Pikel (D:8)
  An orb spider (shapeshifter) (D:15)
  A deep elf mage (D:15)
  11 elephants
  9 ugly things
  A wolf spider (D:15)
  3 manticores
  A cyclops (D:14)
  A salamander (shapeshifter) (D:15)
  A black mamba (shapeshifter) (D:13)
  3 ice statues (IceCv)
  9 black mambas
  Maurice (D:13)
  A gargoyle (D:13)
  14 cane toads
  A freezing wraith (D:14)
  9 rime drakes
  3 kobold demonologists
  9 komodo dragons
  Maggie (Lair:2)
  4 trolls
  A merfolk (D:15)
  A hornet (D:8)
  2 wind drakes (shapeshifter) (D:13)
  3 polar bears
  23 blink frogs
  A meliai zombie (D:11)
  A shadow (D:13)
  5 humans (D:13)
  A spriggan (D:8)
  16 wyverns
  64 yaks
  4 wraiths
  3 vampires
  12 basilisks
  27 water moccasins
  2 acid dragons
  3 soldier ants
  2 hell hounds (Lair:3)
  13 ice beasts
  10 orc warriors
  6 black bears
  3 phantoms
  5 sky beasts
  14 centaurs
  A necrophage (D:8)
  3 ogres
  14 wolves
  A lemure (D:8)
  11 big kobolds
  A wyvern zombie (D:10)
  23 bullfrogs
  A gnoll sergeant (D:9)
  A wyvern skeleton (D:6)
  4 scorpions
  6 killer bees (D:7)
  20 wights
  6 howler monkeys
  A jelly (D:11)
  2 electric eels
  3 quasits
  A bullfrog zombie (D:11)
  4 centaur zombies
  2 hounds (D:10)
  13 orc wizards
  6 centaur skeletons
  10 orc priests
  A bullfrog skeleton (D:8)
  3 iguanas
  A hell rat (Lair:6)
  17 worker ants
  3 hound skeletons
  A howler monkey zombie (D:5)
  A worker ant zombie (D:9)
  24 adders
  8 gnolls
  6 river rats (Sewer)
  2 shadow imps
  A white imp (D:5)
  4 ufetubi
  An ooze (D:3)
  3 worms (D:2)
  7 leopard geckos
  68 orcs
  12 bats
  4 giant cockroaches
  9 goblins
  7 hobgoblins
  3 quokkas
  11 ball pythons
  12 frilled lizards
  49 kobolds
  A quokka skeleton (D:7)
  21 rats
779 creatures vanquished.

Vanquished Creatures (collateral kills)
  A dire elephant (D:15)
  2 hydras
  3 death yaks (Lair:2)
  2 komodo dragons (D:8)
  A basilisk (Lair:1)
  6 soldier ants (D:11)
  13 worker ants (D:11)
28 creatures vanquished.

Vanquished Creatures (others)
  A death knight (D:14)
  49 fungi
  89 plants
  A withered plant (D:14)
140 creatures vanquished.

Grand Total: 947 creatures vanquished

Notes
Turn   | Place    | Note
-------+----------+-------------------------------------------
     0 | D:1      | dtburroughs the Minotaur Berserker began the quest for the
                  | Orb.
     0 | D:1      | Reached XP level 1. HP: 19/19 MP: 0/0
   218 | D:1      | Reached XP level 2. HP: 17/27 MP: 1/1
   916 | D:1      | Reached ** piety under Trog
  1006 | D:2      | Reached XP level 3. HP: 28/33 MP: 2/2
  2083 | D:3      | Noticed a bullfrog
  2090 | D:3      | Killed a bullfrog
  2091 | D:3      | Reached XP level 4. HP: 6/41 MP: 3/3
  2091 | D:3      | HP: 3/61 [adder (3)]
  2109 | D:3      | HP: 1/41 [quokka (3)]
  2112 | D:3      | Reached XP level 5. HP: 15/47 MP: 4/4
  3097 | D:3      | Found an opulent altar of Gozag.
  3208 | D:4      | Reached skill level 5 in Fighting
  3208 | D:4      | Reached skill level 5 in Axes
  3346 | D:4      | Reached XP level 6. HP: 56/56 MP: 5/5
  3522 | D:4      | Found a radiant altar of Vehumet.
  3524 | D:4      | Found a sacrificial altar of Ru.
  3525 | D:4      | Found a snail-covered altar of Cheibriados.
  3525 | D:4      | Found a stormy altar of Qazlal.
  3526 | D:4      | Found a hazy altar of Hepliaklqana.
  3527 | D:4      | Found a shimmering blue altar of Sif Muna.
  3869 | D:4      | Found a blossoming altar of Fedhas.
  4245 | D:5      | Entered Level 5 of the Dungeon
  4260 | D:5      | Reached skill level 5 in Armour
  4260 | D:5      | Reached XP level 7. HP: 52/62 MP: 6/6
  4325 | D:5      | Found a glowing drain.
  4339 | Sewer    | Entered a sewer
  4457 | Sewer    | Reached *** piety under Trog
  4974 | Sewer    | Reached **** piety under Trog
  4976 | Sewer    | Reached skill level 5 in Dodging
  5483 | D:5      | Reached XP level 8. HP: 42/71 MP: 7/7
  6537 | D:6      | Reached ***** piety under Trog
  6566 | D:6      | Reached XP level 9. HP: 70/81 MP: 8/8
  6647 | D:6      | Found a broken altar of Ashenzari.
  6717 | D:6      | Found a shadowy altar of Dithmenos.
  7779 | D:7      | Reached skill level 1 in Evocations
  7805 | D:7      | Found a staircase to the Ecumenical Temple.
  8243 | D:7      | Found Cimm's Antique Weapon Boutique.
  8636 | D:8      | Found a staircase to the Lair.
  8856 | D:8      | Found a glowing golden altar of the Shining One.
  9064 | D:8      | Received a gift from Trog
  9112 | D:8      | Noticed Pikel
  9121 | D:8      | Killed Pikel
  9122 | D:8      | Reached XP level 10. HP: 86/91 MP: 9/9
  9375 | D:8      | Paralysed by a hornet for 2 turns
  9719 | D:8      | Found Vaxt's Antique Armour Shop.
 10919 | D:9      | Noticed Gastronok
 10930 | D:9      | Killed Gastronok
 10931 | D:9      | Reached skill level 10 in Fighting
 10931 | D:9      | Reached skill level 10 in Axes
 11259 | D:10     | Entered Level 10 of the Dungeon
 11259 | D:10     | Found a burning altar of Makhleb.
 11260 | D:10     | Found Sawnokh's Wicked Wares.
 11278 | D:10     | Noticed Harold
 11283 | D:10     | Killed Harold
 11284 | D:10     | Reached skill level 10 in Armour
 11284 | D:10     | Reached XP level 11. HP: 91/101 MP: 10/10
 11762 | D:10     | Reached skill level 5 in Evocations
 12812 | D:11     | Reached ****** piety under Trog
 13000 | D:11     | Received a gift from Trog
 13386 | D:11     | Noticed a queen ant
 13411 | D:11     | Killed a queen ant
 13412 | D:11     | Reached skill level 10 in Dodging
 14087 | D:11     | Noticed a boulder beetle
 14109 | D:11     | Killed a boulder beetle
 14776 | D:12     | Found a staircase to the Orcish Mines.
 14858 | Lair:1   | Entered Level 1 of the Lair of Beasts
 14858 | Lair:1   | Noticed a seven-headed hydra
 14865 | Lair:1   | Killed a two-headed hydra
 14866 | Lair:1   | Reached XP level 12. HP: 91/110 MP: 11/11
 17127 | Lair:2   | Noticed Maggie
 17135 | Lair:2   | Killed Maggie
 17135 | Lair:2   | Received a gift from Trog
 17584 | Lair:2   | Found a runed translucent door.
 17584 | Lair:2   | Noticed Kisap's ghost (journeyman MiBe)
 17843 | Lair:2   | Noticed a six-headed hydra
 17865 | Lair:1   | Killed a six-headed hydra
 17987 | Lair:2   | Noticed a catoblepas
 18000 | Lair:2   | Killed a catoblepas
 18373 | Lair:2   | Noticed an eight-headed hydra
 18382 | Lair:2   | Killed a 12-headed hydra
 19297 | Lair:3   | Noticed a death yak
 19297 | Lair:3   | Noticed a death yak
 19312 | Lair:3   | Noticed a death yak
 19313 | Lair:3   | Noticed a death yak
 19314 | Lair:3   | Noticed a death yak
 19317 | Lair:3   | Noticed a death yak
 19661 | Lair:2   | Killed a death yak
 19871 | Lair:2   | Killed a death yak
 19873 | Lair:2   | Killed a death yak
 19875 | Lair:2   | Killed a death yak
 19876 | Lair:2   | Reached XP level 13. HP: 59/119 MP: 12/12
 20579 | Lair:3   | Found a staircase to the Shoals.
 21659 | Lair:4   | Identified 2 scrolls of acquirement
 21664 | Lair:4   | Acquired a +2 cloak of preservation
 21679 | Lair:4   | Acquired the ring "Fuusk" {rF+ rC+ Dex+4 SInv}
 22449 | Lair:4   | Found a staircase to the Snake Pit.
 22812 | Lair:4   | Received a gift from Trog
 24110 | Lair:5   | Found a runed translucent door.
 24111 | Lair:5   | Found a viscous altar of Jiyva.
 24113 | Lair:5   | Found a staircase to the Slime Pits.
 24149 | Lair:5   | Found a frozen archway.
 24158 | IceCv    | Entered an ice cave
 25541 | Lair:5   | Reached XP level 14. HP: 121/129 MP: 13/13
 25595 | Lair:5   | Received a gift from Trog
 26738 | Lair:6   | Entered Level 6 of the Lair of Beasts
 29245 | Lair:6   | Received a gift from Trog
 29676 | Lair:6   | Acquired a +6 vampiric executioner's axe
 29801 | Lair:6   | Got a warped golden ring
 29803 | Lair:6   | Identified the ring of Fixeh {Wiz rC++} (You found it on
                  | level 6 of the Lair of Beasts)
 29850 | Lair:6   | Reached skill level 10 in Evocations
 30242 | Lair:6   | Reached XP level 15. HP: 139/139 MP: 14/14
 31569 | D:13     | Received a gift from Trog
 31620 | D:13     | Noticed Maurice
 31622 | D:13     | Killed Maurice
 32312 | D:13     | Reached skill level 15 in Axes
 32320 | D:13     | Reached skill level 15 in Fighting
 32371 | D:13     | Identified the +9 broad axe of Disharmony {venom, Stlth+}
 32386 | D:13     | Found a gate to the Vaults.
 33113 | D:14     | Found a flagged portal.
 33444 | D:14     | Reached skill level 15 in Armour
 35226 | D:15     | Entered Level 15 of the Dungeon
 35826 | D:15     | Found a staircase to the Depths.
 35939 | D:15     | Found Iclaiderr's Armour Shop.
 36243 | Orc:1    | Entered Level 1 of the Orcish Mines
 36245 | Orc:1    | Noticed Sonja
 36258 | D:12     | HP: 5/141 [ettin/+0 dire flail (32)]
 36260 | D:12     | Demolished by an ettin

Illustrated notes

Levels and vault maps discovered:
D:1:      elethiomel_arrival_quiet, layout_loops_cross, minmay_lizard_pond
D:2:      layout_basic, feat_on_display
D:3:      layout_basic, lemuel_coloured_pillars_altar, kennysheep_potato
D:4:      layout_loops_ring, lemuel_round_altar, grunt_temple_overflow_open
D:5:      layout_gridville, cheibrodos_sewer_entry_sluice, st_stairs_7,
          minmay_fractal_squares_diagonal_5
D:6:      layout_basic, grunt_dithmenos_shadows, basic_altar, dk_vineyard_3
D:7:      layout_basic, minmay_temple_entry_ruins, serial_shops, shop
D:8:      layout_loops_corners, general_overflow_altar, lair_entry_dummy,
          serial_shops, shop, the_bakery, uniq_pikel
D:9:      layout_stronghold, uniq_gastronok
D:10:     layout_roguey, nicolae_evil_shop, uniq_harold
D:11:     layout_basic, chequers_serial_rivers_small_b, minivault_22,
          minmay_another_anthill
D:12:     layout_rooms
D:13:     layout_stronghold, ximxim_vaults_locker_room, uniq_maurice
D:14:     layout_basic, small_statue_intersection, enter_bailey_5, minivault_16,
          argonaut_gorgonesque
D:15:     hangedman_depths_entry_try_elsewhere_first, layout_gridville,
          serial_bayou_pond_a, serial_shops, shop
Lair:1:   layout_small_grid, beast_lair_carwin_2
Lair:2:   layout_small_grid, hellmonk_ghost_happy_afterlife, fungi_pond_lemuel,
          lemuel_fruit_fields, uniq_maggie
Lair:3:   layout_regular_city, minmay_shoals_entry_centaurs, enter_volcano_3,
          nicolae_quartered_pool_little, grunt_megastairs_4
Lair:4:   layout_gridlike, minmay_snake_entry_six_corridors,
          cheibrodos_lair_reptile_den
Lair:5:   layout_gridlike, slime_altar_2, portal_ice_cave_entry_pillars_1,
          st_stairs_3, gammafunk_lair_bear_cave, lemuel_fruit_tree
Lair:6:   evilmike_catoblepas_cave, layout_concentric_octagons, special_room
          [special_room_mythical_zoo]
Orc:1:    layout_caves, basic_altar, nicolae_orc_rockfall, uniq_sonja

Skill      XL: |  1  2  3  4  5  6  7  8  9 10 11 12 13 14 15 |
---------------+----------------------------------------------+-----
Axes           | 4 5 6 7 9 10 11 12 13 14 15 | 15.6
Fighting       | 4 5 6 7 9 10 11 12 13 14 15 | 15.6
Armour         | 3 4 5 7 8 10 11 12 13 14 15 | 15.3
Dodging        | 3 4 5 6 8 9 10 11 12 13 14 | 14.3
Evocations     | 3 4 6 7 9 10 11 | 11.1

Action                   |  1- 3 |  4- 6 |  7- 9 | 10-12 | 13-15 || total
-------------------------+-------+-------+-------+-------+-------++-------
Melee: Hand axe          |    88 |   111 |   412 |   648 |       ||  1259
       Headbutt          |    11 |    19 |    81 |   150 |   284 ||   545
       Flail             |       |       |       |    68 |    87 ||   155
       Battleaxe         |       |       |       |       |   466 ||   466
       Executioner's axe |       |       |       |       |   405 ||   405
       Broad axe         |       |       |       |       |    71 ||    71
Invok: Berserk           |     1 |       |       |     1 |       ||     2
       Trog's Hand       |       |     1 |     4 |     7 |     8 ||    20
       Brothers in Arms  |       |       |       |     6 |     3 ||     9
Evoke: Wand              |       |       |       |    12 |    37 ||    49
  Use: Potion            |       |     1 |       |     3 |     7 ||    11
       Scroll            |       |     7 |     1 |    10 |    11 ||    29
 Stab: Petrifying        |       |       |       |       |     3 ||     3
       Petrified         |       |       |       |       |     2 ||     2
Armor: Animal skin       |    24 |       |       |       |       ||    24
       Ring mail         |       |    29 |       |       |       ||    29
       Chain mail        |       |     5 |   207 |     3 |       ||   215
       Plate armour      |       |       |       |   363 |   641 ||  1004
Dodge: Dodged            |    72 |    60 |   218 |   284 |   859 ||  1493
Block: Buckler           |       |       |       |    26 |     5 ||    31
       Kite shield       |       |       |       |       |    30 ||    30
       Reflection        |       |       |       |       |     3 ||     3
